[Event "Team 45 45 League T42"]
[Site "Internet Chess Club"]
[Date "2009.09.01"]
[Round "5"]
[White "mugurelt"]
[Black "jjmolina"]
[Result "1/2-1/2"]
[WhiteElo "1768"]
[BlackElo "1670"]
[Opening "English: symmetrical variation"]
[ECO "A30"]
[Time "16:03:23"]
[TimeControl "2700+45"]

1. c4 c5 2. Nf3 Nf6 3. g3 b6 4. Bg2 Bb7 5. O-O g6 6. d4 cxd4 7. Qxd4 Bg7 8. Qh4
h6 9. Nc3 Nc6 10. Nd4 Rc8 11. Nxc6 Bxc6 12. Bxc6 Rxc6 13. Nd5 Nxd5 14. cxd5 Rc2
15. Qe4 Qc8 16. Rb1 Rc4 17. Qd3 Rd4 18. Qf3 Ra4 19. Qb3 Qc4 20. Qxc4 Rxc4 21.
Be3 O-O 22. Rfc1 Rfc8 23. Rxc4 Rxc4 24. b3 Rc2 25. a4 e6 26. dxe6 dxe6 27. Kf1
Kf8 28. Ke1 Ke8 29. Kd1 Ra2 30. Bf4 e5 31. Bd2 f6 32. Bc3 Kd7 33. Bb2 Bf8 34.
Kc2 Ke6 35. e4 Ba3 36. Kc3 Bxb2+ 37. Rxb2 Rxb2 38. Kxb2 Kd6 39. Kc3 a6 40. b4 b5
41. axb5 axb5 42. f3 h5 {Game drawn by mutual agreement} 1/2-1/2

[Event "Team 45 45 League T42"]
[Site "Internet Chess Club"]
[Date "2009.08.30"]
[Round "5"]
[White "andrew28"]
[Black "RD1974"]
[Result "1-0"]
[WhiteElo "1707"]
[BlackElo "1634"]
[Opening "Scandinavian: Pytel-Wade variation"]
[ECO "B01"]
[Time "15:29:04"]
[TimeControl "2700+45"]

1. e4 d5 2. exd5 Qxd5 3. Nc3 Qd6 4. d4 Nf6 5. Nf3 a6 6. Be2 Bg4 7. Ne5 Bxe2 8.
Qxe2 Nc6 9. Nxc6 Qxc6 10. O-O e6 11. Bg5 Be7 12. Bxf6 Bxf6 13. d5 Qd7 14. dxe6
fxe6 15. Rad1 Qe7 16. Qh5+ Qf7 17. Qxf7+ Kxf7 18. Rd7+ Kg6 19. Rxc7 b5 20. Re1
Rhe8 21. Re3 h5 22. Rg3+ Kh6 23. Rc6 b4 24. Ne4 Be5 25. Rb3 a5 26. Nc5 Rad8 27.
Kf1 Rd2 28. Nd3 Bf6 29. Ke1 Bg5 30. f4 Rxg2 31. fxg5+ Kxg5 32. Rc5+ Kh6 33.
Rxh5+ Kxh5 34. Nf4+ Kg4 35. Nxg2 g6 36. Rg3+ Kf5 37. Nh4+ Ke4 38. Nxg6 Rg8 39.
Ke2 Rg7 40. Re3+ Kf5 41. Nh4+ Kf6 42. Kf3 Rg1 43. c3 bxc3 44. Rxc3 Rf1+ 45. Ke2
Rb1 46. Rc2 Ra1 47. a3 Rg1 48. Nf3 Rg8 49. Ke3 Rb8 50. Nd4 Rb6 51. h4 Kg6 52.
Kf4 Kf6 53. Kg4 a4 54. h5 Rd6 55. Nf3 e5 56. h6 e4 57. h7 Rd8 58. Ng5 e3 59.
Rc6+ Kg7 60. Ne6+ Kxh7 61. Nxd8 e2 62. Re6 e1=Q 63. Rxe1 Kg7 64. Kg5 Kf8 65. Kg6
{Black resigns} 1-0

[Event "Team 45 45 League T42"]
[Site "Internet Chess Club"]
[Date "2009.08.29"]
[Round "5"]
[White "xt"]
[Black "b-spot"]
[Result "0-1"]
[WhiteElo "1508"]
[BlackElo "1787"]
[Opening "Sicilian: Najdorf, Lipnitzky attack"]
[ECO "B86"]
[Time "17:00:25"]
[TimeControl "2700+45"]

1. e4 c5 2. Nf3 d6 3. d4 cxd4 4. Nxd4 Nf6 5. Nc3 a6 6. Bc4 e6 7. Kf1 b5 8. Bb3
Bb7 9. f3 Be7 10. Kf2 O-O 11. Re1 e5 12. Nf5 Nbd7 13. Kg1 Nc5 14. Be3 Nxb3 15.
axb3 Re8 16. Qd2 Bf8 17. Rad1 Re6 18. Bc5 Ne8 19. Re3 Qc7 20. Ba3 g6 21. Ng3 Bh6
22. Qd3 Bxe3+ 23. Qxe3 Rd8 24. Nge2 Nf6 25. Rd3 d5 26. exd5 Bxd5 27. Qd2 Qb6+
28. Kh1 b4 29. Na4 Qa7 30. Bxb4 e4 31. fxe4 Nxe4 32. Bc5 Nxc5 33. Rxd5 Rxd5 34.
Qxd5 Nxa4 35. Qd8+ Kg7 36. bxa4 Rxe2 37. h3 Qf2 38. Qd5 Re1+ 39. Kh2 Qf4+ 40. g3
Re2+ 41. Kg1 Qf2+ 42. Kh1 Qh2# {White checkmated} 0-1

[Event "Team 45 45 League T42"]
[Site "Internet Chess Club"]
[Date "2009.08.30"]
[Round "5"]
[White "Frankly"]
[Black "Warpdrive"]
[Result "1/2-1/2"]
[WhiteElo "1655"]
[BlackElo "1664"]
[Opening "King's Indian: Four pawns attack"]
[ECO "E76"]
[Time "14:04:21"]
[TimeControl "2700+45"]

1. d4 Nf6 2. c4 g6 3. Nc3 Bg7 4. e4 d6 5. f4 O-O 6. Nf3 c5 7. d5 e6 8. Be2 exd5
9. exd5 Re8 10. O-O a6 11. a4 Nbd7 12. f5 Nf8 13. fxg6 fxg6 14. Bg5 Bg4 15. Qc2
Qd7 16. h3 Bf5 17. Bd3 Bxd3 18. Qxd3 Re7 19. Nh4 Rf7 20. Rae1 Re8 21. b3 Nh5 22.
Nf3 Ng3 23. Rf2 Rxe1+ 24. Nxe1 Rxf2 25. Kxf2 Bxc3 26. Qxg3 Qf5+ 27. Qf4 Kf7 28.
Qxf5+ gxf5 29. Nd3 Ng6 30. Kf3 Ne5+ 31. Ke3 Nxd3 32. Kxd3 Be5 33. Ke3 Kg6 34.
Bf4 Kf6 35. Bh6 Kg6 36. Bf8 Kf7 37. Bh6 Kg6 38. Bf4 Bxf4+ 39. Kxf4 a5 40. g3 h5
41. g4 fxg4 42. hxg4 h4 43. g5 h3 44. Kg3 Kxg5 45. Kxh3 Kf5 {Game drawn by
mutual agreement} 1/2-1/2

[Event "Team 45 45 League T42"]
[Site "Internet Chess Club"]
[Date "2009.08.30"]
[Round "5"]
[White "Ianjo"]
[Black "AntonioMendonca"]
[Result "1-0"]
[WhiteElo "1903"]
[BlackElo "1731"]
[Opening "Nimzo-Indian: three knights variation"]
[ECO "E21"]
[Time "17:02:15"]
[TimeControl "2700+45"]

1. d4 Nf6 2. c4 e6 3. Nc3 Bb4 4. Nf3 Bxc3+ 5. bxc3 d6 6. Bg5 h6 7. Bxf6 Qxf6 8.
e4 c5 9. Be2 Nc6 10. O-O b6 11. Re1 e5 12. d5 Nb8 13. Nd2 Qg5 14. Nf3 Qf6 15.
Qd3 Qg6 16. Nd2 Nd7 17. a4 Nf6 18. a5 bxa5 19. Rxa5 O-O 20. Rb1 Rd8 21. Bd1 Nh5
22. Bxh5 Qxh5 23. Nf1 f5 24. Ng3 fxe4 25. Qxe4 Qf7 26. f3 Rf8 27. Rba1 a6 28.
Rb1 Qc7 29. Ra3 Rf4 30. Qg6 Rf6 31. Qe4 Rf4 32. Qg6 Rf6 33. Qe8+ Rf8 34. Qc6
Qxc6 35. dxc6 g6 36. Rd1 Rf6 37. Ne4 Bf5 38. Nxf6+ {Black resigns} 1-0

[Event "Team 45 45 League T42"]
[Site "Internet Chess Club"]
[Date "2009.08.30"]
[Round "5"]
[White "LuxAeterna"]
[Black "Rhel"]
[Result "0-1"]
[WhiteElo "1772"]
[BlackElo "1624"]
[Opening "Sicilian defense"]
[ECO "B20"]
[Time "14:00:09"]
[TimeControl "2700+45"]

1. e4 c5 2. Bc4 g6 3. f4 Bg7 4. Nf3 e6 5. Nc3 Nc6 6. d3 Nge7 7. e5 d5 8. exd6
Qxd6 9. Ne4 Qc7 10. Nxc5 Qa5+ {White resigns} 0-1

[Event "Team 45 45 League T42"]
[Site "Internet Chess Club"]
[Date "2009.08.29"]
[Round "5"]
[White "rayngrant"]
[Black "ElMarginal"]
[Result "1/2-1/2"]
[WhiteElo "1605"]
[BlackElo "1500"]
[Opening "Scandinavian (center counter) defense"]
[ECO "B01"]
[Time "07:04:28"]
[TimeControl "2700+45"]

1. e4 d5 2. exd5 Qxd5 3. Nc3 Qa5 4. d4 Nf6 5. Nf3 Bg4 6. Be2 c6 7. O-O e6 8. Ne5
Bxe2 9. Qxe2 Be7 10. Ne4 Nbd7 11. Bg5 Qd8 12. Rfd1 Nxe4 13. Bxe7 Qxe7 14. Qxe4
O-O-O 15. Rd3 Nxe5 16. dxe5 Rxd3 17. cxd3 h6 18. Rc1 Kb8 19. a3 Rd8 20. d4 Qg5
21. f4 Qe7 22. b4 Qd7 23. Rd1 f5 24. exf6 gxf6 25. g3 Qf7 26. Qf3 Rd5 27. Kg2
Qg6 28. Qe2 h5 29. Rd2 Qf5 30. Qe3 Rd7 31. Qd3 Qd5+ 32. Kf2 Qh1 33. h4 Qh2+ 34.
Kf3 Qh3 35. Qe2 Rg7 36. Qh2 Qg4+ 37. Kf2 Qf5 38. Qg2 Rd7 39. Ke3 Rd5 40. Qe4 Qg4
41. Qf3 Qf5 42. Qf2 Kc8 43. Rc2 Qg4 44. Rc5 Rd6 45. Qf3 Qg6 46. Rxh5 Qg7 47. Rc5
Kb8 48. g4 f5 49. Re5 fxg4 50. Qg3 Rd8 51. h5 Rd6 52. h6 Qxh6 53. Qxg4 Qh8 54.
f5 exf5 55. Qxf5 Qg8 {Game drawn by mutual agreement} 1/2-1/2

[Event "Team 45 45 League T42"]
[Site "Internet Chess Club"]
[Date "2009.08.28"]
[Round "5"]
[White "Amauta"]
[Black "GabGag"]
[Result "1-0"]
[WhiteElo "1909"]
[BlackElo "2045"]
[Opening "Petrov: Nimzovich attack"]
[ECO "C42"]
[Time "11:01:07"]
[TimeControl "2700+45"]

1. e4 e5 2. Nf3 Nf6 3. Nxe5 d6 4. Nf3 Nxe4 5. Nc3 Nxc3 6. dxc3 Nd7 7. Be3 Be7 8.
Qe2 O-O 9. O-O-O Bf6 10. Bd4 Re8 11. Bxf6 Nxf6 12. Qb5 a6 13. Qg5 Ne4 14. Qh5 g6
15. Qh6 Be6 16. Bd3 Nxf2 17. Ng5 Nxh1 18. Rf1 Qd7 19. Nxh7 Qe7 20. Nf6+ Qxf6 21.
Rxf6 Re7 22. Bxg6 fxg6 23. Rxg6+ Kf7 24. Rf6+ Ke8 25. Rxe6 {Black resigns} 1-0

[Event "Team 45 45 League T42"]
[Site "Internet Chess Club"]
[Date "2009.08.30"]
[Round "5"]
[White "rubo"]
[Black "CHESSISTA1"]
[Result "0-1"]
[WhiteElo "1685"]
[BlackElo "1801"]
[Opening "Bird's opening"]
[ECO "A02"]
[Time "21:30:49"]
[TimeControl "2700+45"]

1. f4 g6 2. Nf3 Bg7 3. e3 d6 4. d4 Nf6 5. Bd3 O-O 6. O-O Re8 7. c3 Nc6 8. Bb5 a6
9. Bxc6 bxc6 10. Nbd2 Nd5 11. Nc4 a5 12. e4 Ba6 13. Nfd2 Nb6 14. Nxb6 cxb6 15.
Re1 e5 16. Nf3 exd4 17. cxd4 c5 18. e5 cxd4 19. Qxd4 dxe5 20. Qxd8 Rexd8 21.
fxe5 Bb7 22. Kf2 Rac8 23. Bg5 Rc2+ 24. Re2 Rdc8 25. Re1 Ba6 26. Rd2 h6 27. Bf4
Bf8 28. e6 Bb4 29. e7 Rxd2+ 30. Nxd2 Re8 31. Bxh6 Bxe7 32. Be3 Bf6 33. b3 Bc3
34. Bxb6 Rb8 35. Be3 a4 36. Bf4 Rd8 37. bxa4 Bxd2 38. Bxd2 Rxd2+ 39. Kg3 Rxa2
40. Re4 Rxg2+ 41. Kxg2 Bb7 42. Kf3 f5 43. Kf4 Bxe4 44. h4 Kg7 45. Kg5 Bd3 46. h5
gxh5 47. Kxh5 Kf6 48. Kh4 Ke5 49. Kg3 f4+ 50. Kf3 Be4+ 51. Kf2 Bb7 52. a5 Ke4
53. Ke2 f3+ 54. Kf2 Kf4 55. Kf1 Ke3 {White resigns} 0-1

[Event "Team 45 45 League T42"]
[Site "Internet Chess Club"]
[Date "2009.08.28"]
[Round "5"]
[White "Kravier"]
[Black "PJ"]
[Result "0-1"]
[WhiteElo "1703"]
[BlackElo "1785"]
[Opening "King's knight's gambit"]
[ECO "C38"]
[Time "12:00:49"]
[TimeControl "2700+45"]

1. e4 e5 2. f4 exf4 3. Nf3 g5 4. Bc4 Bg7 5. d4 d6 6. O-O h6 7. Nc3 Nc6 8. d5 Ne5
9. Nxe5 Bxe5 10. Ne2 Bg4 11. Bb5+ Bd7 12. Bxd7+ Qxd7 13. c4 Ne7 14. Rb1 O-O 15.
b4 f5 16. Qd3 fxe4 17. Qxe4 Qf5 18. Ng3 Qxe4 19. Nxe4 Rf5 20. Bb2 Kg7 21. Bxe5+
Rxe5 22. Nc3 Nf5 23. Nb5 c6 24. Nc7 Rc8 25. Ne6+ Kf6 26. g4 Ne3 27. Rf3 cxd5 28.
Nd4 Rxc4 29. Nb5 Rc2 30. h3 Nc4 31. Nxa7 Ree2 32. Rd3 Rg2+ 33. Kh1 Rh2+ 34. Kg1
Rcg2+ 35. Kf1 Nd2+ 36. Rxd2 Rxd2 37. Nb5 Rh1# {White checkmated} 0-1

[Event "Team 45 45 League T42"]
[Site "Internet Chess Club"]
[Date "2009.09.02"]
[Round "5"]
[White "nas3"]
[Black "jacknor"]
[Result "1-0"]
[WhiteElo "1742"]
[BlackElo "1598"]
[Opening "Sicilian: dragon, Yugoslav attack, 10.O-O-O"]
[ECO "B78"]
[Time "11:57:52"]
[TimeControl "2700+45"]

1. e4 c5 2. Nf3 d6 3. d4 cxd4 4. Nxd4 Nf6 5. Nc3 g6 6. Be3 Bg7 7. f3 Nc6 8. Qd2
Bd7 9. Bc4 O-O 10. O-O-O Rc8 11. Bb3 Ne5 12. h4 h5 13. Bh6 Nc4 14. Bxc4 Rxc4 15.
Bxg7 Kxg7 16. g4 hxg4 17. h5 Nxh5 18. fxg4 Bxg4 19. Rdg1 Nf6 20. Qh6+ Kg8 21.
Qh8# {Black checkmated} 1-0

[Event "Team 45 45 League T42"]
[Site "Internet Chess Club"]
[Date "2009.08.29"]
[Round "5"]
[White "fileman"]
[Black "Ickabod"]
[Result "1-0"]
[WhiteElo "1868"]
[BlackElo "1815"]
[Opening "Pirc: Austrian attack"]
[ECO "B09"]
[Time "13:10:27"]
[TimeControl "2700+45"]

1. e4 d6 2. d4 Nf6 3. Nc3 g6 4. f4 Bg7 5. a3 O-O 6. Nf3 e5 7. dxe5 dxe5 8. Qxd8
Rxd8 9. Nxe5 Re8 10. Bc4 Be6 11. Bxe6 Rxe6 12. O-O Nc6 13. Nxc6 Rxc6 14. Bd2 Rd8
15. Be1 Ng4 16. h3 Ne3 17. Rf2 Bd4 18. Kh2 Bxc3 19. Bxc3 Nd1 20. Rd2 Rxd2 21.
Bxd2 Nxb2 22. Be3 b6 23. Bd4 Rxc2 24. Ra2 c5 25. Rxb2 Rxb2 26. Bxb2 b5 27. Kg3
Kf8 28. Kf3 Ke7 29. Ke3 Kd6 30. g4 h5 31. Kd3 a6 32. Bc3 Kc6 33. Ba5 Kd6 34. Ke3
Ke6 35. gxh5 gxh5 36. f5+ Kd7 37. e5 Ke7 38. Ke4 f6 39. e6 Kd6 40. Bc3 Ke7 41.
Kd5 c4 42. Kc6 h4 43. Kb6 b4 44. axb4 a5 45. bxa5 {Black resigns} 1-0

[Event "Team 45 45 League T42"]
[Site "Internet Chess Club"]
[Date "2009.08.29"]
[Round "5"]
[White "j65536d"]
[Black "shijith"]
[Result "0-1"]
[WhiteElo "1937"]
[BlackElo "1779"]
[Opening "French: exchange variation"]
[ECO "C01"]
[Time "23:37:25"]
[TimeControl "2700+45"]

1. e4 e6 2. d4 d5 3. exd5 exd5 4. Nf3 Bd6 5. c4 Nf6 6. Bd3 O-O 7. O-O c6 8. Nc3
Bg4 9. c5 Bc7 10. h3 Bxf3 11. Qxf3 Nbd7 12. Bg5 b6 13. b4 h6 14. Bh4 bxc5 15.
bxc5 Re8 16. Bf5 g5 17. Bg3 Bxg3 18. Qxg3 Qb8 19. Qf3 Qb4 20. Rfd1 Kg7 21. Rab1
Qa5 22. Rb7 Nf8 23. Rdb1 Ne6 24. Bxe6 Rxe6 25. R1b3 Rae8 26. Rb2 R6e7 27. R7b3
Ne4 28. Kh2 Nxc3 29. Rxc3 Re4 30. Re3 Qc7+ 31. g3 Qe7 32. Rbe2 Qf6 33. Kg2 Qxd4
34. Rxe4 Rxe4 35. Rc2 Re6 36. Qb3 Qe4+ 37. Kh2 h5 38. Rb2 g4 39. h4 Re5 40. Qb8
Qe1 41. Qxa7 Qc1 42. Qb6 Re1 {White resigns} 0-1

[Event "Team 45 45 League T42"]
[Site "Internet Chess Club"]
[Date "2009.08.29"]
[Round "5"]
[White "predkoo"]
[Black "Kurukshetra"]
[Result "1-0"]
[WhiteElo "1701"]
[BlackElo "1687"]
[Opening "Queen's pawn game"]
[ECO "A46"]
[Time "21:57:42"]
[TimeControl "2700+45"]

1. d4 Nf6 2. Nf3 d6 3. c4 Nc6 4. Nc3 Bf5 5. Nh4 Qd7 6. Nxf5 Qxf5 7. f3 O-O-O 8.
e4 Qa5 9. Be3 g6 10. Be2 Bg7 11. O-O Nd7 12. a3 Qh5 13. b4 f5 14. b5 Na5 15. Qa4
b6 16. Rac1 f4 17. Bf2 e6 18. Rfd1 g5 19. Na2 e5 20. c5 exd4 21. cxb6 axb6 22.
Nb4 Nc5 23. Qc2 Nab3 24. Rb1 Qf7 25. Nd5 Kb7 26. Rxb3 Nxb3 27. Qxb3 Rhe8 28.
Bxd4 Bxd4+ 29. Rxd4 g4 30. Qc3 g3 31. h3 Re5 32. Qc6+ {Black resigns} 1-0

[Event "Team 45 45 League T42"]
[Site "Internet Chess Club"]
[Date "2009.08.29"]
[Round "5"]
[White "tryanything"]
[Black "Beancounter"]
[Result "1-0"]
[WhiteElo "1563"]
[BlackElo "1657"]
[Opening "two knights: Max Lange attack"]
[ECO "C50"]
[Time "04:30:10"]
[TimeControl "2700+45"]

1. e4 e5 2. Nf3 Nc6 3. Bc4 Bc5 4. O-O Nf6 5. d4 exd4 6. e5 d5 7. exf6 dxc4 8.
Re1+ Be6 9. Ng5 Qxf6 10. Nxe6 fxe6 11. Qh5+ g6 12. Qxc5 Rf8 13. f3 O-O-O 14. Bg5
{Black resigns} 1-0

[Event "Team 45 45 League T42"]
[Site "Internet Chess Club"]
[Date "2009.08.28"]
[Round "5"]
[White "SneakyRed"]
[Black "Wheels"]
[Result "0-1"]
[WhiteElo "1854"]
[BlackElo "2022"]
[Opening "Sicilian: Alapin's variation (2.c3)"]
[ECO "B22"]
[Time "15:02:44"]
[TimeControl "2700+45"]

1. e4 c5 2. c3 g6 3. d4 cxd4 4. cxd4 d5 5. exd5 Nf6 6. Nc3 Nxd5 7. Qb3 Nb6 8.
Bb5+ Bd7 9. a4 Nc6 10. Nf3 Bg7 11. d5 Nd4 12. Nxd4 Bxd4 13. Bh6 a6 14. Bxd7+
Nxd7 15. Qxb7 Rb8 16. Qxa6 Rxb2 17. Ne2 Rb6 18. Qc4 Bxa1 19. O-O Bf6 20. f4 Rd6
21. Nc3 Qb6+ 22. Kh1 Qc5 23. Qxc5 Nxc5 24. Nb5 Rd8 25. a5 Kd7 26. Bg5 Ra8 27.
Bxf6 exf6 {White resigns} 0-1

[Event "Team 45 45 League T42"]
[Site "Internet Chess Club"]
[Date "2009.08.30"]
[Round "5"]
[White "mfeatherston"]
[Black "Duguesclin"]
[Result "1/2-1/2"]
[WhiteElo "1858"]
[BlackElo "1670"]
[Opening "French: Winawer, advance, Bogolyubov variation"]
[ECO "C17"]
[Time "10:56:05"]
[TimeControl "2700+45"]

1. e4 e6 2. d4 d5 3. Nc3 Bb4 4. e5 c5 5. Bd2 Bxc3 6. Bxc3 Ne7 7. dxc5 Qc7 8. Bd3
Qxc5 9. Qg4 Ng6 10. O-O-O Nc6 11. Bxg6 fxg6 12. Nf3 O-O 13. Qg3 Bd7 14. h4 Rf5
15. Nd4 Rh5 16. f4 Rc8 17. Qf2 Rf5 18. g4 Rf7 19. Qh2 Nxd4 20. Bxd4 Qc4 21. Kb1
Bb5 22. b3 Qe2 23. Qxe2 Bxe2 24. Rd2 Bxg4 25. Rf2 Rcf8 26. Be3 b6 27. Rg1 Bf5
28. a4 Rc8 29. Kb2 Rfc7 30. Rc1 Rc3 31. Re2 h5 32. Bd2 Rh3 33. Be1 Rf3 34. Bd2
d4 35. Rh2 a6 36. c4 dxc3+ 37. Bxc3 Rxf4 38. Bd2 Rxc1 39. Bxf4 Rb1+ 40. Kc3 b5
41. axb5 axb5 42. Rd2 Rh1 43. Rd8+ Kh7 44. Bg5 Rh3+ 45. Kb4 Bc2 46. Kxb5 Bxb3
47. Rd7 Bc2 48. Bf6 Kg8 49. Rxg7+ Kf8 50. Rc7 Be4 51. Rc8+ Kf7 52. Rc7+ Kf8 53.
Rc8+ Kf7 {Game drawn by mutual agreement} 1/2-1/2

[Event "Team 45 45 League T42"]
[Site "Internet Chess Club"]
[Date "2009.08.31"]
[Round "5"]
[White "bondguy01"]
[Black "Philly-Boy"]
[Result "0-1"]
[WhiteElo "1681"]
[BlackElo "1921"]
[Opening "Trompowsky attack (Ruth, Opocenský opening)"]
[ECO "A45"]
[Time "20:01:01"]
[TimeControl "2700+45"]

1. d4 Nf6 2. Bg5 Ne4 3. Bf4 g5 4. Bc1 h6 5. f3 Nf6 6. e4 d6 7. Nc3 c5 8. Bb5+
Bd7 9. Bxd7+ Qxd7 10. Nge2 Bg7 11. Be3 Na6 12. Qd2 Rb8 13. O-O b5 14. Ng3 b4 15.
Nce2 e6 16. d5 exd5 17. exd5 Nc7 18. c4 bxc3 19. Nxc3 O-O 20. Nge4 Rfe8 21. Rfe1
Nxe4 22. fxe4 f5 23. Rab1 fxe4 24. Red1 a5 25. Qc2 Nxd5 26. Nxd5 Be5 27. b3 Qg4
28. Rf1 Re6 29. Qf2 Rbe8 30. Qf7+ Kh8 31. Nc7 R6e7 32. Qg6 Rg8 33. Qf5 Qxf5 34.
Rxf5 Rxc7 35. Rbf1 Bd4 36. Re1 Bxe3+ 37. Rxe3 Re8 38. Rf6 Rd7 39. Rxh6+ Kg7 40.
Rhh3 d5 41. Rc3 Rc8 42. Rhg3 Kf6 43. Kf2 d4 44. Rc4 d3 45. Ke1 Rd4 46. Kd2 Rxc4
47. bxc4 Kf5 48. Ke3 Rd8 49. Kd2 Rh8 50. h3 Kf4 51. Re3 Rb8 52. g3+ Kf5 53. g4+
Kf4 {White resigns} 0-1

[Event "Team 45 45 League T42"]
[Site "Internet Chess Club"]
[Date "2009.08.30"]
[Round "5"]
[White "Grenadier"]
[Black "Lionskins"]
[Result "1-0"]
[WhiteElo "1659"]
[BlackElo "1570"]
[Opening "Sicilian: Grand Prix attack"]
[ECO "B23"]
[Time "13:02:52"]
[TimeControl "2700+45"]

1. e4 c5 2. Nc3 Nc6 3. f4 a6 4. Nf3 e6 5. d4 cxd4 6. Nxd4 Qb6 7. Nxc6 bxc6 8.
Bd3 Bc5 9. Qe2 Bd4 10. Na4 Qa5+ 11. c3 Qxa4 12. cxd4 Qxd4 13. Be3 Qb4+ 14. Kf2
Nf6 15. Kf3 Bb7 16. Rhc1 d6 17. Rc3 Qa5 18. g4 h6 19. Ra3 Qc7 20. Bxa6 O-O 21.
Bd4 e5 22. fxe5 dxe5 23. Bc5 Rfd8 24. Rc1 Qd7 25. h3 Rxa6 26. Rxa6 Bxa6 27. Qxa6
Qd3+ 28. Qxd3 Rxd3+ 29. Be3 Rd6 30. a4 Nd7 31. b4 Kh7 32. a5 Nb8 33. h4 Na6 34.
Ke2 Nxb4 35. Bc5 Rg6 36. Bxb4 Rxg4 37. Kf3 Rxh4 38. Be1 Rf4+ 39. Ke3 Rf6 40. Bc3
Re6 41. a6 c5 42. a7 Ra6 43. Ra1 Rxa7 44. Rxa7 f6 45. Rc7 h5 46. Kf3 Kg6 47.
Rxc5 Kh6 48. Kg3 g5 49. Bd2 Kg6 50. Rc6 Kf7 51. Bc3 h4+ 52. Kg4 {Black resigns}
1-0

[Event "Team 45 45 League T42"]
[Site "Internet Chess Club"]
[Date "2009.08.27"]
[Round "5"]
[White "chsrules88"]
[Black "koni"]
[Result "1-0"]
[WhiteElo "2067"]
[BlackElo "1986"]
[Opening "Pirc defense"]
[ECO "B07"]
[Time "13:00:19"]
[TimeControl "2700+45"]

1. e4 d6 2. d4 Nf6 3. Nc3 e5 4. dxe5 dxe5 5. Qxd8+ Kxd8 6. Bg5 Be6 7. Nf3 Nd7 8.
O-O-O Bd6 9. Nb5 Ke7 10. Nxd6 cxd6 11. Bb5 Nc5 12. Rhe1 h6 13. Bxf6+ gxf6 14. b4
Nd7 15. Bxd7 Kxd7 16. Kb2 Rhg8 17. Nh4 Rg4 18. g3 Rc8 19. c3 Rc4 20. f3 Rg8 21.
Rd3 b5 22. Red1 Rc6 23. g4 Ra8 24. Ng2 a5 25. a3 axb4 26. cxb4 Rac8 27. Ne3 Ke7
28. R1d2 R8c7 29. Nd5+ Bxd5 30. Rxd5 Rb6 31. Rc2 Kd7 32. Rxc7+ Kxc7 33. Kb3 Kc6
34. a4 bxa4+ 35. Kxa4 Ra6+ 36. Ra5 Rb6 37. Ra7 d5 38. Rxf7 d4 39. Rxf6+ Kc7 40.
Rxb6 Kxb6 41. h4 d3 42. Kb3 d2 43. Kc2 d1=Q+ 44. Kxd1 Kb5 45. g5 {Black resigns}
1-0

[Event "Team 45 45 League T42"]
[Site "Internet Chess Club"]
[Date "2009.08.30"]
[Round "5"]
[White "chipionero"]
[Black "cognito"]
[Result "1/2-1/2"]
[WhiteElo "1714"]
[BlackElo "1774"]
[Opening "Queen's Indian: Nimzovich variation (exaggerated fianchetto)"]
[ECO "E15"]
[Time "15:01:16"]
[TimeControl "2700+45"]

1. d4 Nf6 2. Nf3 e6 3. c4 b6 4. g3 Ba6 5. Qc2 Bb4+ 6. Nbd2 O-O 7. a3 Be7 8. Bg2
d5 9. O-O Bb7 10. Re1 dxc4 11. Nxc4 Be4 12. Qc3 Nd5 13. Qb3 Nc6 14. Ncd2 Na5 15.
Qd1 Bg6 16. e4 Nf6 17. Ne5 Qxd4 18. Nxg6 hxg6 19. Qe2 Rad8 20. Nf3 Qd3 21. Bg5
Nb3 22. Rab1 Rfe8 23. Qxd3 Rxd3 24. Ne5 Rd6 25. Nxg6 fxg6 26. e5 Rdd8 27. exf6
Bxf6 28. Be3 c5 29. Bf1 Bd4 30. Bc4 Bxe3 31. Bxb3 Bd4 32. Rxe6 Rxe6 33. Bxe6+
Kf8 34. b3 Rd6 35. Bc4 Rf6 36. Rf1 Ke7 {Game drawn by mutual agreement} 1/2-1/2

[Event "Team 45 45 League T42"]
[Site "Internet Chess Club"]
[Date "2009.08.31"]
[Round "5"]
[White "arriero55"]
[Black "Bookkeeper"]
[Result "0-1"]
[WhiteElo "1453"]
[BlackElo "1709"]
[Opening "Caro-Kann: classical variation"]
[ECO "B18"]
[Time "15:00:20"]
[TimeControl "2700+45"]

1. e4 c6 2. d4 d5 3. Nc3 dxe4 4. Nxe4 Bf5 5. Ng3 Bg6 6. Nf3 Nf6 7. Bd3 e6 8. h4
Bd6 9. Ne5 Bxe5 10. dxe5 Qa5+ 11. Kf1 Qxe5 12. h5 Bxd3+ 13. Qxd3 Qd5 14. Qe2
Nbd7 15. c4 Qe5 16. Rh4 h6 17. Bf4 Qxe2+ 18. Kxe2 O-O-O 19. Rd1 Nc5 20. b3 Rxd1
21. Kxd1 Rd8+ 22. Bd2 Ncd7 23. Ne4 Nxe4 24. Rxe4 Nf6 25. Rh4 c5 26. Ke2 Rd4 27.
Rh3 Ne4 28. Rd3 Rxd3 29. Kxd3 Nxf2+ 30. Ke3 Ng4+ 31. Kf4 Nf6 32. g4 Kd7 33. Kf3
Kd6 34. Bc3 e5 35. Bd2 Nd7 36. Ke4 Ke6 37. Be3 b6 38. Bd2 Nb8 39. Bc3 f6 40. Bd2
Nc6 41. Bc3 a5 42. a4 Nd4 43. Bxd4 cxd4 {White resigns} 0-1